Map: Blackpink LE

Players

Majestuoso (MajeStic)

  • Race: Protoss Protoss
  • Spawn Location: 1:00

Nerchio - Winner!

  • Race: Zerg Zerg
  • League: Grandmaster
  • Spawn Location: 7:00

Event: WESG Barcelona European Finals 2017

VOD

Have the link to the VOD?

Description

Time

  • Played on: Nov. 24, 2017, 12:10 p.m.
  • Length: 11:34

All games in this series

Show
View Real Time Build Order
Export as new Build Order

Majestuoso Protoss 

Build Orders: 1 Gate Expand, Oracle Opening, Phoenix Opening 

Get SALT Encoding   

  12  0:00  Probe  
  13  0:12  Probe  
  14  0:18  Pylon  
  14  0:24  Probe  
  15  0:37  Probe (Chrono Boost)  
  15  0:41  Gateway  
  16  0:49  Probe (Chrono Boost)  
  17  0:51  Probe  
  17  0:52  Assimilator  
  18  1:03  Probe (Chrono Boost)  
  20  1:13  Probe (Chrono Boost)  
  20  1:25  Nexus  
  20  1:33  Cybernetics Core  
  20  1:35  Probe  
  21  1:42  Assimilator  
  21  1:47  Probe  
  21  1:51  Pylon  
  22  2:00  Probe  
  23  2:09  Adept (Chrono Boost)  
  23  2:12  Probe  
  26  2:17  Stargate  
  26  2:24  Probe  
  26  2:26  Adept  
  30  2:38  Probe (Chrono Boost)  
  30  2:40  Warp Gate  
  31  2:45  Probe (Chrono Boost)  
  31  2:49  Probe x2 (Chrono Boost)  
  33  2:52  Probe  
  33  2:54  Adept  
  36  3:00  Probe  
  36  3:04  Probe, Oracle (Chrono Boost)  
  41  3:10  Pylon  
  41  3:12  Probe  
  42  3:16  Probe  
  43  3:24  Probe  
  44  3:28  Probe  
  44  3:30  Phoenix  
  45  3:36  Probe  
  45  3:39  Pylon  
  45  3:41  Pylon  
  45  3:43  Gateway  
  45  3:45  Probe (Chrono Boost)  
  45  3:48  Probe (Chrono Boost)  
  45  3:53  Assimilator  
  45  3:55  Assimilator  
  48  3:58  Probe x2 (Chrono Boost)  
  48  4:03  Probe  
  48  4:05  Probe  
  50  4:11  Nexus  
  50  4:15  Probe  
  50  4:20  Twilight Council  
  50  4:21  Robotics Facility, Probe  
  50  4:23  Forge  
  51  4:28  Probe  
  52  4:34  Probe  
  53  4:40  Probe, Pylon  
  54  4:46  Probe  
  54  4:47  Blink (Chrono Boost)  
  54  4:50  Gateway, Adept x2  
  54  4:51  Gateway  
  59  4:53  Probe, Protoss Ground Weapons Level 1 (Chrono Boost)  
  60  5:09  Observer  
  60  5:13  Nexus  
  61  5:16  Pylon  
  61  5:18  Sentry x2  
  66  5:21  Probe x2  
  67  5:32  Immortal (Chrono Boost)  
  71  5:37  Gateway  
  71  5:38  Gateway  
  71  5:43  Shield Battery  
  71  5:45  Sentry x2  
  71  5:46  Shield Battery  
  75  5:50  Shield Battery  
  75  5:51  Shield Battery  
  75  5:54  Adept  
  75  5:56  Adept  
  74  6:04  Probe  
  74  6:07  Immortal (Chrono Boost)  
  74  6:09  Sentry x2  
  81  6:12  Probe  
  81  6:16  Probe  
  83  6:24  Probe  
  84  6:26  Pylon  
  84  6:27  Pylon  
  84  6:28  Probe  
  84  6:29  Pylon  
  84  6:30  Probe  
  86  6:36  Robotics Bay  
  86  6:38  Sentry  
  89  6:40  Probe  
  89  6:43  Immortal (Chrono Boost)  
  93  6:48  Stalker x3  
  99  6:56  Stalker  
  99  6:57  Stalker  
  103  7:06  Probe x3  
  106  7:13  Assimilator  
  106  7:15  Assimilator  
  106  7:18  Probe (Chrono Boost)  
  106  7:20  Protoss Ground Weapons Level 2 (Chrono Boost)  
  106  7:22  Probe (Chrono Boost), Immortal (Chrono Boost)  
  113  7:23  Probe (Chrono Boost)  
  113  7:28  Pylon  
  113  7:29  Charge  
  114  7:30  Probe (Chrono Boost)  
  114  7:36  Probe x3 (Chrono Boost)  
  117  7:38  Photon Cannon  
  117  7:46  Probe x2  
  117  7:51  Warp Prism  
  119  7:52  Probe  
  119  7:58  Gateway, Observer  
  122  7:59  Gateway  
  122  8:01  Gateway  
  122  8:03  Gateway  
  122  8:06  Pylon  
  122  8:09  Nexus  
  122  8:12  Stalker  
  122  8:13  Pylon  
  122  8:14  Pylon  
  124  8:24  Pylon  
  124  8:26  Pylon  
  123  8:27  Immortal  
  123  8:30  Stalker x3  
  133  8:36  Stalker x2  
  133  8:37  Stalker  
  138  8:43  Robotics Bay  
  128  9:03  Stalker x6  
  128  9:07  Templar Archives  
  130  9:20  Observer, Stalker  
  130  9:21  Stalker x3  
  135  9:28  Stalker x2  
  139  9:33  Zealot x3  
  139  9:37  Oracle  
  145  9:41  Observer  
  145  9:44  Stalker  
  148  9:52  Zealot  
  143  10:02  Observer (Chrono Boost)  
  143  10:05  Zealot x5  
  143  10:06  Zealot x3  
  117  10:09  Nexus  
  117  10:11  Pylon  
  117  10:12  Probe x3  
  108  10:17  Sentry x2  
  110  10:23  Pylon  
  110  10:26  Stalker x3  
  116  10:30  Photon Cannon  
  116  10:32  Probe  
  116  10:33  Probe  
  115  10:35  Stalker  
  115  10:37  Sentry x2  
  114  10:45  Sentry x2, Stalker  
  114  10:46  Stalker  
  113  10:54  Stalker  
  113  10:55  Stalker x2  
  119  11:06  Zealot  
  119  11:08  Zealot x3  
  121  11:17  Zealot x3  
Show
View Real Time Build Order
Export as new Build Order

Nerchio Zerg - Winner!

Build Orders: Hatch First, Lurkers 

Get SALT Encoding   

  12  0:00  Drone  
  13  0:12  Overlord  
  13  0:17  Drone  
  14  0:30  Drone x2  
  14  0:34  Drone  
  17  0:52  Hatchery  
  17  0:55  Drone  
  17  0:59  Drone  
  17  1:00  Extractor  
  17  1:14  Spawning Pool  
  17  1:18  Drone  
  17  1:21  Drone  
  18  1:28  Drone  
  19  1:38  Overlord  
  19  1:49  Drone  
  20  2:00  Queen  
  20  2:01  Metabolic Boost  
  22  2:04  Queen  
  22  2:08  Zergling x2  
  25  2:10  Zergling x2  
  25  2:13  Drone  
  27  2:18  Drone  
  27  2:21  Drone  
  29  2:26  Drone  
  30  2:32  Drone  
  31  2:42  Hatchery  
  30  2:48  Zergling x2  
  30  2:51  Overlord  
  30  2:52  Drone  
  30  2:54  Drone  
  32  3:02  Queen  
  32  3:04  Drone  
  35  3:10  Zergling x2  
  35  3:11  Drone x2  
  38  3:13  Drone  
  38  3:15  Drone  
  38  3:18  Drone  
  38  3:19  Drone  
  42  3:23  Spore Crawler  
  42  3:26  Drone  
  42  3:31  Drone x2  
  42  3:33  Drone  
  44  3:40  Overlord  
  43  3:44  Spore Crawler  
  42  3:52  Evolution Chamber  
  42  3:53  Drone x4  
  42  3:55  Drone  
  46  3:56  Drone  
  46  3:57  Drone  
  46  4:02  Queen  
  50  4:05  Drone  
  50  4:06  Drone  
  50  4:07  Drone  
  53  4:10  Spore Crawler  
  53  4:11  Zergling x2  
  53  4:13  Zergling x2  
  54  4:18  Overlord x2  
  54  4:23  Overlord  
  54  4:32  Overlord  
  54  4:36  Spore Crawler x2  
  54  4:37  Drone x2  
  54  4:38  Drone x2  
  56  4:39  Spore Crawler  
  56  4:40  Drone  
  56  4:41  Drone  
  56  4:43  Drone  
  56  4:44  Drone  
  56  4:45  Drone  
  63  4:48  Roach Warren  
  63  4:49  Overlord  
  63  4:51  Drone  
  63  4:56  Drone x2, Extractor  
  63  4:57  Extractor  
  63  4:58  Drone  
  63  4:59  Drone  
  65  5:00  Drone  
  65  5:02  Overlord  
  66  5:09  Zergling x6  
  66  5:10  Zergling x2  
  70  5:17  Overlord x2  
  70  5:25  Drone x2  
  70  5:27  Lair  
  72  5:29  Roach  
  72  5:30  Roach x4  
  72  5:31  Roach  
  72  5:34  Zerg Missile Weapons Level 1  
  84  5:43  Drone x2  
  84  5:45  Drone x2  
  84  5:48  Drone x2  
  84  5:49  Drone, Hatchery, Extractor  
  89  5:52  Overlord  
  89  5:55  Roach x2  
  91  5:58  Overlord  
  91  6:00  Roach  
  91  6:01  Roach  
  94  6:04  Roach  
  94  6:05  Roach  
  94  6:08  Overlord  
  94  6:10  Zergling x6  
  96  6:12  Zergling x2  
  96  6:16  Zergling x2  
  96  6:17  Zergling x4  
  96  6:18  Zergling x6  
  103  6:24  Glial Reconstitution, Extractor  
  103  6:25  Zergling x6  
  105  6:28  Zergling x2  
  105  6:29  Zergling x2  
  105  6:30  Zergling x2  
  109  6:32  Ravager  
  109  6:33  Extractor, Ravager x3  
  109  6:35  Overlord  
  109  6:36  Drone  
  109  6:39  Overlord  
  112  6:43  Drone x3  
  112  6:45  Overlord  
  114  6:47  Drone  
  114  6:48  Drone  
  114  6:49  Drone  
  113  7:00  Drone x2  
  113  7:01  Overlord  
  107  7:02  Drone x2  
  107  7:04  Hydralisk Den, Drone, Spire  
  107  7:05  Drone  
  107  7:07  Drone x2  
  108  7:11  Spore Crawler  
  104  7:21  Drone  
  105  7:35  Muscular Augments, Lurker Den  
  103  7:37  Drone x4  
  103  7:38  Drone x2  
  103  7:39  Extractor  
  103  7:40  Drone x2, Extractor  
  103  7:41  Drone x3  
  112  7:46  Zerg Missile Weapons Level 2  
  112  7:50  Overlord x2  
  112  7:51  Hydralisk x6  
  123  8:15  Mutalisk  
  123  8:16  Mutalisk x5  
  123  8:18  Hydralisk x2  
  139  8:21  Hydralisk  
  139  8:22  Hydralisk  
  139  8:26  Hydralisk  
  145  8:28  Hydralisk  
  145  8:30  Zergling x14  
  145  8:32  Zergling x6  
  145  8:33  Hatchery  
  156  8:35  Overlord  
  156  8:39  Hydralisk  
  156  8:41  Hydralisk x2  
  156  8:43  Zergling x8  
  156  8:45  Zergling x4  
  156  8:46  Zergling x2  
  159  8:50  Hydralisk x2  
  159  8:53  Hydralisk  
  161  8:58  Hydralisk x2  
  161  9:01  Hydralisk  
  161  9:02  Zergling x2  
  163  9:12  Lurker  
  163  9:13  Lurker x3  
  163  9:16  Overlord  
  167  9:25  Overlord  
  167  9:26  Drone  
  167  9:27  Drone x2  
  167  9:28  Infestation Pit  
  167  9:31  Hydralisk x7  
  167  9:32  Overlord  
  170  9:42  Hydralisk x5  
  180  9:46  Overseer  
  180  9:52  Hydralisk  
  177  9:56  Hydralisk  
  177  9:57  Hydralisk x3  
  177  9:59  Hydralisk  
  182  10:02  Hydralisk  
  182  10:04  Hydralisk  
  182  10:06  Hydralisk  
  166  10:09  Zergling x6  
  166  10:10  Zergling x16  
  166  10:12  Zergling x2  
  163  10:15  Hydralisk x2  
  163  10:17  Hydralisk  
  163  10:19  Zergling x4  
  169  10:22  Hydralisk x2  
  169  10:28  Hydralisk  
  173  10:31  Zergling x6  
  173  10:32  Hydralisk  
  180  10:39  Zergling x12  
  180  10:41  Overlord  
  180  10:43  Hydralisk  
  174  10:51  Hydralisk x4  
  174  10:53  Zergling x2  
  174  10:55  Zergling x6  
  174  10:56  Zergling x2  
  174  10:57  Zergling x2  
  177  10:59  Zergling x6  
  177  11:00  Zergling x2  
  177  11:07  Hydralisk x4  
  178  11:13  Zergling x2  
  178  11:14  Zergling x10  
  178  11:15  Zergling x4  
Tags
 
Add a new tag
Caveats
  • Supply blocks, unpowered buildings, or Contaminate may cause inaccurate times.
  • Supply counts are checked every 10 seconds.